 Dungeon Crawl Stone Soup version 0.21-a0-314-gb3271ec (webtiles) character file.

263 vatarom the Charmwright (level 6, 0/50 HPs)
             Began as a Gnoll Skald on Sept 29, 2017.
             Slain by a gnoll
             ... wielding a +0 spear
              (3 damage)
             ... on level 3 of the Dungeon.
             The game lasted 00:08:09 (2712 turns).

vatarom the Charmwright (Gnoll Skald)               Turns: 2712, Time: 00:08:09

Health: 0/50       AC:  5    Str: 14    XL:     6   Next: 19%
Magic:  12/14      EV: 14    Int: 15    God:
Gold:   108        SH:  0    Dex: 16    Spells: 4/15 levels left

rFire    . . .     SeeInvis .   a - +0 falchion
rCold    . . .     Gourm    .   (no shield)
rNeg     . . .     Faith    .   b - +0 leather armour
rPois    .         Spirit   .   (no helmet)
rElec    .         Reflect  .   (no cloak)
rCorr    .         Harm     .   j - +0 pair of gloves
MR       .....                  (no boots)
Stlth    ++........             (no amulet)
HPRegen  0.16/turn              e - +1 ring of protection
MPRegen  0.14/turn              (no ring)

@: drained
A: distributed training, fangs 1, strong nose
a: no special abilities


You were on level 3 of the Dungeon.
You were full.

You visited 1 branch of the dungeon, and saw 3 of its levels.

You collected 108 gold pieces.

Inventory:

Hand Weapons
 a - a +0 falchion (weapon)
Armour
 b - a +0 leather armour (worn)
 j - a +0 pair of gloves (worn)
Jewellery
 e - a +1 ring of protection (left hand)
Scrolls
 i - a scroll of fog
 m - 4 scrolls of identify
Potions
 h - a potion of flight
 o - a potion of degeneration {unknown}
Books
 c - a book of Battle

   Spells                             Type                      Level
   a - Infusion                       Charms                       1
   b - Shroud of Golubria             Charms/Translocation         2
   c - Song of Slaying                Charms                       2
   d - Spectral Weapon                Hexes/Charms                 3
   e - Regeneration                   Charms/Necromancy            3
Comestibles
 d - a bread ration
 g - 3 fruits


   Skills:
 + Level 4.9(4.4) Fighting
 + Level 1.3(0.8) Short Blades
 + Level 4.9(4.4) Long Blades
 + Level 2.6(2.1) Axes
 + Level 1.7(1.2) Maces & Flails
 + Level 0.8(0.4) Polearms
 + Level 2.0(1.6) Staves
 + Level 2.3(1.8) Slings
 + Level 0.8(0.4) Bows
 + Level 2.8(2.4) Crossbows
 + Level 1.7(1.2) Throwing
 + Level 3.1(2.6) Armour
 + Level 5.0(4.5) Dodging
 + Level 1.7(1.2) Stealth
   Level 0.0 Stabbing
 + Level 1.7(1.2) Shields
   Level 0.0 Traps
 + Level 1.3(0.8) Unarmed Combat
 + Level 5.4(4.9) Spellcasting
 + Level 0.8(0.4) Conjurations
 + Level 0.8(0.4) Hexes
 + Level 7.0(6.4) Charms
 + Level 2.0(1.6) Summonings
 + Level 0.8(0.4) Necromancy
 + Level 1.7(1.2) Translocations
 + Level 1.3(0.8) Transmutations
 + Level 0.8(0.4) Fire Magic
 + Level 2.3(1.8) Ice Magic
 + Level 2.0(1.6) Air Magic
 + Level 2.0(1.6) Earth Magic
 + Level 0.0 Poison Magic
 + Level 2.0(1.6) Invocations
 + Level 2.3(1.8) Evocations


You had 4 spell levels left.
You knew the following spells:

 Your Spells              Type           Power        Failure   Level  Hunger
a - Infusion              Chrm           ###.         1%          1    None
b - Shroud of Golubria    Chrm/Tloc      ###.......   6%          2    ##.....
c - Song of Slaying       Chrm           ###.....     1%          2    ##.....
d - Regeneration          Chrm/Necr      ##........   14%         3    ###....
e - Spectral Weapon       Hex/Chrm       ##......     14%         3    ###....


Dungeon Overview and Level Annotations

Branches:
Dungeon (3/15)

Altars:
Ru


Innate Abilities, Weirdness & Mutations

Your experience applies equally to all skills.
You have very sharp teeth.
Your uncanny sense of smell can sniff out nearby items.


Message History

* * * LOW HITPOINT WARNING * * *
Unknown command.
You hit the gnoll.
The gnoll is severely wounded.
Your spectral weapon hits the gnoll but does no damage.
The gnoll misses you.
The gnoll hits your spectral weapon with a flail!
Your spectral weapon shares its damage with you!
* * * LOW HITPOINT WARNING * * *
You slash the gnoll!
You kill the gnoll!
Your base Charms skill increases to level 7!
Your base Air Magic skill increases to level 2!
The gnoll misses you.
Your spectral weapon fades away.
The gnoll hits you from afar with a spear.
* * * LOW HITPOINT WARNING * * *
The gnoll barely misses you.
The gnoll hits you from afar with a spear.
You die...

############.. #...
#<÷........... ...
############.. ..
########.... #.#
#........... ####..
#...........
#.....########...........
#...........##.........##
#..@...##.........#
#......###[..######
+gg..........+
#......##....#
#......##....#
###)#####....# ∆ #.##
#....# #..# #.#### ##.##
#.#


You could see 2 gnolls.

Vanquished Creatures
  3 wights
  A worker ant zombie (D:3)
  2 gnolls (D:3)
  3 adders
  3 worms
  3 dart slugs
  2 leopard geckos
  3 giant cockroaches (D:2)
  8 hobgoblins
  5 jackals
  10 kobolds
  2 quokkas (D:2)
  A ball python (D:2)
  12 bats
  7 frilled lizards
  3 goblins
  9 rats
77 creatures vanquished.

Vanquished Creatures (others)
  A spectral weapon (D:3)
1 creature vanquished.

Grand Total: 78 creatures vanquished

Notes
Turn   | Place    | Note
-------+----------+-------------------------------------------
     0 | D:1      | vatarom the Gnoll Skald began the quest for the Orb.
     0 | D:1      | Reached XP level 1. HP: 20/20 MP: 6/6
   167 | D:1      | Reached skill level 1 in Axes
   314 | D:1      | Reached XP level 2. HP: 5/26 MP: 3/7
   320 | D:1      | Reached skill level 1 in Stealth
   351 | D:1      | Learned a level 2 spell: Shroud of Golubria
   616 | D:1      | Learned a level 2 spell: Song of Slaying
   638 | D:1      | Reached skill level 5 in Spellcasting
   644 | D:1      | Reached skill level 1 in Unarmed Combat
   796 | D:1      | Reached XP level 3. HP: 27/31 MP: 9/9
   799 | D:1      | Reached skill level 1 in Crossbows
   799 | D:1      | Reached skill level 1 in Summonings
   931 | D:1      | Learned a level 3 spell: Regeneration
   998 | D:1      | Reached skill level 1 in Short Blades
  1026 | D:1      | Learned a level 3 spell: Spectral Weapon
  1087 | D:2      | Found a sacrificial altar of Ru.
  1133 | D:2      | Reached skill level 1 in Translocations
  1179 | D:2      | Reached skill level 1 in Evocations
  1220 | D:2      | Reached skill level 1 in Ice Magic
  1233 | D:2      | Reached skill level 1 in Slings
  1243 | D:2      | Reached XP level 4. HP: 35/38 MP: 7/11
  1282 | D:2      | Reached skill level 1 in Earth Magic
  1471 | D:2      | Reached skill level 1 in Invocations
  1965 | D:3      | Reached skill level 1 in Maces & Flails
  1998 | D:3      | Reached skill level 1 in Staves
  2014 | D:3      | Reached skill level 1 in Shields
  2014 | D:3      | Reached skill level 1 in Transmutations
  2014 | D:3      | Reached XP level 5. HP: 38/43 MP: 8/12
  2015 | D:3      | Reached skill level 1 in Throwing
  2343 | D:2      | Reached skill level 1 in Air Magic
  2368 | D:2      | Reached XP level 6. HP: 10/50 MP: 11/14
  2676 | D:3      | Reached skill level 5 in Dodging
  2706 | D:3      | Reached skill level 7 in Charms
  2712 | D:3      | Slain by a gnoll

Vault maps used:
D:1:      dpeg_arrival_ternary
D:2:      first_bread, nicolae_ru_the_path_less_chosen
D:3:      grunt_temple_overflow_open, serial_glass, glass_columns_a,
          glass_columns_b

Skill      XL: |  1  2  3  4  5  6 |
---------------+-------------------+-----
Axes           | 1 2 |  2.6
Stealth        | 1 |  1.7
Spellcasting   | 5 |  5.4
Unarmed Combat | 1 |  1.3
Crossbows      | 1 2 |  2.8
Summonings     | 1 2 |  2.0
Short Blades   | 1 |  1.3
Translocations | 1 |  1.7
Evocations     | 1 2 |  2.3
Ice Magic      | 1 2 |  2.3
Slings         | 1 2 |  2.3
Earth Magic    | 1 2 |  2.0
Invocations    | 1 2 |  2.0
Maces & Flails | 1 |  1.7
Staves         | 1 2 |  2.0
Shields        | 1 |  1.7
Transmutations | 1 |  1.3
Throwing       | 1 |  1.7
Armour         | 3 |  3.1
Air Magic      | 1 2 |  2.0
Dodging        | 5 |  5.0
Charms         | 7 |  7.0
Fighting       | |  4.9
Long Blades    | |  4.9
Polearms       | |  0.8
Bows           | |  0.8
Conjurations   | |  0.8
Hexes          | |  0.8
Necromancy     | |  0.8
Fire Magic     | |  0.8

Action                   |  1- 3 |  4- 6 || total
-------------------------+-------+-------++-------
Melee: Falchion          |    99 |   124 ||   223
       Bite              |    13 |    19 ||    32
       Punch             |       |     2 ||     2
 Cast: Infusion          |     1 |       ||     1
       Song of Slaying   |     3 |     1 ||     4
       Shroud of Golubri |     1 |     1 ||     2
       Spectral Weapon   |     4 |     9 ||    13
       Regeneration      |     1 |     1 ||     2
  Use: Scroll            |     3 |     4 ||     7
       Potion            |       |     2 ||     2
 Stab: Sleeping          |     2 |     1 ||     3
  Eat: Chunk             |     2 |     2 ||     4
       Bread ration      |       |     1 ||     1
       Meat ration       |       |     1 ||     1
Armor: Leather armour    |    29 |    48 ||    77
Dodge: Dodged            |   102 |   112 ||   214
       Rpst.: Falchion   |    28 |    34 ||    62

Table legend:
 A = Spawn XP
 B = Non-spawn XP
 C = Spawn XP percentage of total XP
 D = Spawn monster count
 E = Non-spawn monster count
 F = Spawn count percentage of total count
 G = Total turns spent on level
                    A         B        C        D         E        F      G
               +---------+---------+-------+---------+---------+-------+---------
         Total |       0 |     377 |   0.0 |       0 |      77 |   0.0 |  2712
               +---------+---------+-------+---------+---------+-------+---------
           D:1 |       0 |      48 |   0.0 |       0 |      32 |   0.0 |  1072
           D:2 |       0 |     200 |   0.0 |       0 |      34 |   0.0 |  1450
           D:3 |       0 |     129 |   0.0 |       0 |      11 |   0.0 |   190
               +---------+---------+-------+---------+---------+-------+---------
